 Dungeon Crawl Stone Soup version 0.26.0-16-gc1dbca0489 (webtiles) character file.

Game seed: 14209550598876553454

10 runemasterragnar the Vexing (level 2, 0/26 HPs)
             Began as an Ogre Enchanter on Jan 20, 2021.
             Slain by a crimson imp (2 damage)
             ... summoned by Natasha
             ... on level 2 of the Dungeon.
             The game lasted 00:01:46 (514 turns).

runemasterragnar the Vexing (Ogre Enchanter)         Turns: 514, Time: 00:01:47

Health: 0/26       AC:  3    Str: 10 (11) XL:     2   Next: 20%
Magic:  5/5        EV: 10    Int: 15 (16) God:
Gold:   18         SH:  0    Dex:  7 (9)  Spells: 5/6 levels left

rFire    . . .     SeeInvis .   a - +1 dagger
rCold    . . .     Faith    .   (no shield)
rNeg     . . .     Spirit   .   b - +0 robe
rPois    .         Reflect  .   (helmet restricted)
rElec    .         Harm     .   (no cloak)
rCorr    .         Rampage  .   (gloves unavailable)
Will     .....                  (boots unavailable)
Stlth    ++........             (no amulet)
HPRegen  0.08/turn              (no ring)
MPRegen  0.09/turn              (no ring)

@: no status effects
A: large, unfitting armour, tough skin 1
a: no special abilities


You were on level 2 of the Dungeon.
You visited 1 branch of the dungeon, and saw 2 of its levels.

You collected 18 gold pieces.

Inventory:

Hand Weapons
 a - a +1 dagger (weapon)
Armour
 b - a +0 robe (worn)
Scrolls
 c - a scroll of fear {unknown}
 f - a scroll of teleportation {unknown}


   Skills:
 + Level 0.4 Fighting
 - Level 1.0 Short Blades
 + Level 2.0 Dodging
 - Level 2.2 Stealth
 + Level 2.6 Spellcasting
 + Level 2.8 Hexes


You had 5 spell levels left.
You knew the following spells:

 Your Spells              Type           Power        Failure   Level
a - Corona                Hex            11%          6%          1

Your spell library contained the following spells:

 Spells                   Type           Power        Failure   Level
 Ensorcelled Hibernation  Hex/Ice        12%          17%         2
 Confusing Touch          Hex            10%          19%         3
 Tukima's Dance           Hex            10%          19%         3
 Dazzling Flash           Conj/Hex       12%          34%         3


Dungeon Overview and Level Annotations

Branches:
Dungeon (1/15)

Altars:
Ru

Annotations:
D:2 Natasha


Innate Abilities, Weirdness & Mutations

You are too large for most types of armour.
You have tough skin. (AC +1)


Message History

Natasha is moderately wounded.
The crimson imp closely misses you.
Natasha stares at you and mumbles some strange words.
You resist with significant effort.
You closely miss Natasha.
Natasha is moderately wounded.
The crimson imp hits you.
* * * LOW HITPOINT WARNING * * *
Natasha claws you.
* * * LOW HITPOINT WARNING * * *
You closely miss Natasha.
Natasha is moderately wounded.
The crimson imp closely misses you.
Natasha stares at you and mumbles some strange words.
The magic dart hits you.
* * * LOW HITPOINT WARNING * * *
You closely miss Natasha.
Natasha is moderately wounded.
The crimson imp hits you.
You die...

#.# #.# #... #.# #...
#.# #.h.. #.# #....
#.## #..... #..##
#.....# #...####
#....$.#####@.....#
#.......h.5.≈..#
+######.....≈≈≈≈≈≈#
#..#..#.....≈..≈..#
####..#..#.###.≈..≈..#
#........+..#_.'.....#
#.#.....#########....#
#.##.....'..#..'.....#
#.##..#..#.###.#..#..#


You could see Natasha and a crimson imp (summoned).

Vanquished Creatures
  3 bats (D:1)
  A hobgoblin (D:1)
  2 jackals (D:1)
  A kobold (D:1)
  2 rats (D:1)
9 creatures vanquished.

Notes
Turn   | Place    | Note
-------+----------+-------------------------------------------
     0 | D:1      | runemasterragnar the Ogre Enchanter began the quest for the
                  | Orb.
     0 | D:1      | Reached XP level 1. HP: 16/16 MP: 3/3
   109 | D:1      | Reached skill level 1 in Short Blades
   351 | D:1      | Reached XP level 2. HP: 24/24 MP: 3/5
   447 | D:1      | You fall into a shaft and drop 1 floor!
   476 | D:2      | Found a sacrificial altar of Ru.
   489 | D:2      | Noticed Natasha
   502 | D:2      | Noticed a crimson imp
   514 | D:2      | Slain by a crimson imp

Illustrated notes

Levels and vault maps discovered:
D:1:      minmay_arrival_glassed_features, layout_loops_ring,
          minmay_misc_feat_diagonals, minmay_tripent
D:2:      layout_basic, hangedman_ru_absence,
          chequers_ecumenical_altar_simple_redux, uniq_natasha, uniq_jessica

Skill      XL: |  1  2 |
---------------+-------+-----
Short Blades   | 1 |  1.0
Dodging        | 2 |  2.0
Fighting       | |  0.4
Stealth        | |  2.2
Spellcasting   | |  2.6
Hexes          | |  2.8

Action                   || total
-------------------------++-------
Melee: Dagger            ||    35
 Cast: Corona            ||     9
  Use: Potion            ||     2
Armor: Robe              ||    10
Dodge: Dodged            ||    30
